 Dungeon Crawl Stone Soup version 0.29-a0-577-gafbf2c5d25 (webtiles) character file.

Game seed: 728220735210595749

48 zishaf the Sneak (level 3, 0/19 HPs)
             Began as a Vine Stalker Brigand on June 13, 2022.
             Slain by an endoplasm (2 damage)
             ... on level 2 of the Dungeon.
             The game lasted 00:01:57 (1443 turns).

zishaf the Sneak (Vine Stalker Brigand)             Turns: 1443, Time: 00:01:58

Health: 0/19       AC:  6    Str: 13    XL:     3   Next: 72%
Magic:  0/4        EV: 10    Int: 11    God:
Gold:   66         SH:  0    Dex: 17    Spells: 2/2 levels left

rFire   . . .      SeeInvis .   a - +2 dagger
rCold   . . .      Faith    .   (no shield)
rNeg    . . .      Spirit   +   j - +0 ring mail
rPois   .          Reflect  .   (no helmet)
rElec   .          Harm     .   c - +0 cloak
rCorr   .          Rampage  .   (no gloves)
Will    .....                   (no boots)
Stlth   ++........              (no amulet)
HPRegen 0.06/turn               (no ring)
MPRegen 0.09/turn               (no ring)

@: no status effects
A: fangs 2, magic shield, antimagic bite, no potion heal 2
a: no special abilities


You were on level 2 of the Dungeon.
You visited 1 branch of the dungeon, and saw 2 of its levels.

You collected 66 gold pieces.

Inventory:

Hand Weapons
 a - a +2 dagger (weapon)
Missiles
 d - 9 poisoned darts (quivered)
 e - 3 curare-tipped darts
Armour
 b - a +0 robe
 c - a +0 cloak (worn)
 j - a +0 ring mail (worn)
Scrolls
 f - a scroll of identify {unknown}
 g - 2 scrolls of poison {unknown}
 i - a scroll of silence {unknown}
Potions
 h - a potion of flight {unknown}


   Skills:
 + Level 2.4 Fighting
 + Level 2.4 Short Blades
 - Level 2.0 Throwing
 - Level 1.0 Dodging
 + Level 5.4 Stealth


You had 2 spell levels left.
You didn't know any spells.
Your spell library contained the following spells:

 Spells                   Type           Power      Damage    Failure   Level
 Petrify                  Tmut/Erth      0%         N/A       100%        4
 Metabolic Englaciation   Hex/Ice        0%         N/A       100%        5
 Statue Form              Tmut/Erth      0%         N/A       100%        6


Dungeon Overview and Level Annotations

Branches:
Dungeon (2/15)

Altars:

Annotations:
D:2 Jessica


Innate Abilities, Weirdness & Mutations

You have extremely sharp teeth.
When hurt, damage is shared between your health and your magic reserves.
Your bite disrupts and absorbs the magic of your enemies.
Potions cannot restore your health.


Message History

The adder attacks as you move away! The adder bites you.
Jessica mumbles some strange words.
Jessica seems to speed up.
The endoplasm quivers.
You hit the adder.
The adder is moderately wounded.
The adder barely misses you. The adder closely misses you.
You completely miss the adder. Your punch misses the adder. You bite the adder.
You drain its power.
The adder is severely wounded.
The adder bites you but does no damage.
You closely miss the adder. Your bite misses the adder.
The adder is severely wounded.
Jessica casts a spell.
Jessica blinks!
The adder closely misses you. Jessica hits you with a +0 club.
You barely miss the adder.
The adder is severely wounded.
The adder barely misses you. Jessica closely misses you.
You closely miss the adder. You bite the adder. You drain its power.
You feel invigorated.
The adder is almost dead.
The adder barely misses you. Jessica closely misses you.
You hit the adder.
You kill the adder!
Jessica barely misses you.
You hit Jessica.
Jessica is lightly wounded.
Jessica hits you with a +0 club. The goblin hits you but does no damage.
Jessica points at you and mumbles some strange words.
Pain shoots through your body!
You hit Jessica but do no damage.
Jessica is lightly wounded.
The goblin hits you but does no damage. The endoplasm freezes you.
You are frozen.
* * * LOW HITPOINT WARNING * * *
Jessica closely misses you.
You closely miss the goblin. Jessica hits you but does no damage.
The goblin hits you but does no damage. The endoplasm hits you.
You die...

######
#######...##
##...###...##
##gJ..###...##
##.@#..##.....#
#.@##..#...#...
#..###?...###..
..
#..###....###..
.# ###
###..####...###..
..
...#....#########
## .## #.#...##
..### #....##
....# #....#


You could see Jessica (fast), an endoplasm and a goblin.

Vanquished Creatures
  3 adders (D:2)
  A dart slug (D:1)
  A ball python (D:1)
  3 endoplasms (D:1)
  4 giant cockroaches (D:1)
  2 goblins (D:1)
  4 bats
  A frilled lizard (D:2)
19 creatures vanquished.

Notes
Turn   | Place    | Note
-------+----------+-------------------------------------------
     0 | D:1      | zishaf the Vine Stalker Brigand began the quest for the
                  | Orb.
     0 | D:1      | Reached XP level 1. HP: 11/11 MP: 2/2
    14 | D:1      | Found a faded altar of an unknown god.
   246 | D:1      | Reached skill level 1 in Dodging
   246 | D:1      | Reached XP level 2. HP: 15/15 MP: 3/3
   252 | D:1      | Reached skill level 5 in Stealth
  1389 | D:2      | Reached XP level 3. HP: 18/18 MP: 4/4
  1425 | D:2      | Noticed Jessica
  1443 | D:2      | Slain by an endoplasm

Illustrated notes

Levels and vault maps discovered:
D:1:      dpeg_arrival_windows_large_door, layout_basic, basic_ecumenical_altar,
          hangedman_decor_lopped
D:2:      layout_basic, hangedman_glass_teeth, uniq_crazy_yiuf_cottage,
          uniq_jessica

Skill      XL: |  1  2 |
---------------+-------+-----
Dodging        | 1 |  1.0
Stealth        | 5 |  5.4
Fighting       | 2 |  2.4
Short Blades   | 2 |  2.4
Throwing       | 2 |  2.0

Action                   || total
-------------------------++-------
Melee: Dagger            ||    51
       Bite              ||     8
 Stab: Sleeping          ||    10
Armor: Robe              ||    10
       Ring mail         ||     9
Dodge: Dodged            ||    32

Table legend: (Time is in decaauts)
 A = Elapsed time spent in this place.
 B = Non-inter-level travel time spent in this place.
 C = Inter-level travel time spent in this place.
 D = Time resting spent in this place.
 E = Time spent auto-exploring this place.
 F = Levels seen in this place.
 G = Mean time per level.
                   A        B        C        D        E       F      G
               +--------+--------+--------+--------+--------+-----+--------+
         Total |   1438 |   1416 |     22 |    225 |    926 |   2 |  719.0 |
       Dungeon |   1438 |   1416 |     22 |    225 |    926 |   2 |  719.0 |
               +--------+--------+--------+--------+--------+-----+--------+

Top non-repeatable levels by time:
     D:1: 1222 daAuts
     D:2: 216 daAuts
